 Dungeon Crawl Stone Soup version 0.30-a0-339-g89bb51ec76 (webtiles) character file.

Game seed: 12992068110764519598

52 avis the Chopper (level 3, -1/34 HPs)
             Began as a Hill Orc Monk on Oct 31, 2022.
             Killed from afar by Terence (11 damage)
             ... with a bolt of light
             ... on level 2 of the Dungeon.
             The game lasted 00:04:31 (1373 turns).

avis the Chopper (Hill Orc Monk)                    Turns: 1373, Time: 00:04:32

Health: -1/34      AC:  6    Str: 15    XL:     3   Next: 85%
Magic:  12/12      EV: 10    Int: 10    God:
Gold:   98         SH:  0    Dex: 13    Spells: 2/2 levels left

rFire   . . .      SeeInvis +    a - +0 hand axe
rCold   . . .      Faith    .    (no shield)
rNeg    . . .      Spirit   .    f - +0 scale mail
rPois   .          Reflect  .    (no helmet)
rElec   .          Harm     .    (no cloak)
rCorr   .          Rampage  .    (no gloves)
Will    .....                    (no boots)
Stlth   ..........               (no amulet)
HPRegen 0.25/turn                o - ring of see invisible
MPRegen 0.13/turn                d - ring of magical power

@: confused
A: no striking features
a: no special abilities


You were on level 2 of the Dungeon.
You visited 1 branch of the dungeon, and saw 2 of its levels.

You collected 98 gold pieces.

Inventory:

Hand Weapons
 a - a +0 hand axe (weapon)
Armour
 b - a +0 robe
 f - a +0 scale mail (worn)
Jewellery
 d - a ring of magical power (right hand)
 o - a ring of see invisible (left hand)
Wands
 m - a wand of flame (21)
 r - a wand of paralysis (10)
Scrolls
 h - 3 scrolls of identify {unknown}
 i - a scroll of teleportation {unknown}
 k - a scroll of enchant weapon {unknown}
 n - a scroll of vulnerability {unknown}
 p - a scroll of poison {unknown}
 q - a scroll of immolation {unknown}
Potions
 c - a potion of ambrosia
 e - a potion of magic {unknown}
 g - 2 potions of brilliance {unknown}
 j - a potion of might {unknown}
 l - 2 potions of curing {unknown}


   Skills:
 + Level 4.3 Fighting
 * Level 5.5 Axes
 - Level 2.4 Dodging
 - Level 1.5 Stealth


You had 2 spell levels left.
You didn't know any spells.
Your spell library was empty.

Dungeon Overview and Level Annotations

Branches:
Dungeon (2/15)

Altars:

Annotations:
D:2 Terence


Message History

You slash the hobgoblin!
You kill the hobgoblin!
You see here a hobgoblin corpse.
Found 8 stones.
A goblin comes into view. It is wielding a +0 club.
The goblin shouts!
You hear a shout! x3
You slash the goblin!
You kill the goblin!
A kobold comes into view. It is wielding a +0 dagger.
You see here a +0 club.
You hit the kobold.
The kobold is moderately wounded.
The kobold hits you but does no damage.
Terence the Incautious comes into view.
He is wielding a +0 trident and carrying a wand of light (5).
You hit the kobold but do no damage.
The kobold is moderately wounded.
The kobold misses you. The kobold attacks as you move away!
The kobold barely misses you.
The kobold throws a stone.
The stone hits you but does no damage.
You see here a +0 club.
The kobold throws a stone.
The stone barely misses you.
You hit the kobold.
You kill the kobold!
Terence zaps a wand.
The bolt of light hits you!
You are confused.
Terence zaps a wand.
The bolt of light hits you!
Things that are here:
a +0 dagger; 2 stones You bump into the rock wall.
Terence hits you with a +0 trident.
You closely miss Terence.
You feel less confused. Terence looks scornfully at you.
Terence hits you with a +0 trident.
* * * LOW HITPOINT WARNING * * *
You hit Terence but do no damage. Terence barely misses you.
You hit Terence.
Terence is moderately wounded.
Terence zaps a wand.
The bolt of light hits you!
You are confused.
You die...

...
####.###.........##
..# #.....#########
#.# #..#### #.#
#..# #.#
#..######## #.#
#.......(.. #.#
##.########
#.#####.# #..@@...#
##.####### #..#
###K## ...#.##.@.#
........###
###...### ###


You could see Terence.

Vanquished Creatures
  An adder (D:2)
  A worm (D:2)
  A dart slug (D:1)
  3 endoplasms
  6 goblins
  3 hobgoblins
  2 jackals (D:2)
  2 kobolds
  3 quokkas
  3 ball pythons
  6 bats
  4 frilled lizards
35 creatures vanquished.

Notes
Turn   | Place    | Note
-------+----------+-------------------------------------------
     0 | D:1      | avis the Hill Orc Monk began the quest for the Orb.
     0 | D:1      | Reached XP level 1. HP: 19/19 MP: 1/1
   100 | D:1      | Reached XP level 2. HP: 21/27 MP: 2/2
   774 | D:2      | Reached skill level 5 in Axes
   789 | D:2      | Reached XP level 3. HP: 30/33 MP: 3/3
  1356 | D:2      | Noticed Terence
  1373 | D:2      | Killed from afar by Terence

Illustrated notes

Levels and vault maps discovered:
D:1:      dpeg_arrival_rooms_b, layout_loops_ring
D:2:      layout_loops_ring, chequers_serial_rivers_micro_e,
          minmay_misc_feat_alley, st_stairs_2, serial_bayou_pond_d, uniq_terence

Skill      XL: |  1  2 |
---------------+-------+-----
Fighting       | 4 |  4.3
Axes           | 5 |  5.5
Dodging        | |  2.4
Stealth        | |  1.5

Action                   || total
-------------------------++-------
Melee: Hand axe          ||   117
 Stab: Sleeping          ||     2
Armor: Robe              ||    10
       Scale mail        ||    37
Dodge: Dodged            ||    59

Table legend: (Time is in decaauts)
 A = Elapsed time spent in this place.
 B = Non-inter-level travel time spent in this place.
 C = Inter-level travel time spent in this place.
 D = Time resting spent in this place.
 E = Time spent auto-exploring this place.
 F = Levels seen in this place.
 G = Mean time per level.
                   A        B        C        D        E       F      G
               +--------+--------+--------+--------+--------+-----+--------+
         Total |   1381 |   1263 |    118 |     72 |    818 |   2 |  690.5 |
       Dungeon |   1381 |   1263 |    118 |     72 |    818 |   2 |  690.5 |
               +--------+--------+--------+--------+--------+-----+--------+

Top non-repeatable levels by time:
     D:1: 780 daAuts
     D:2: 600 daAuts
